 Dungeon Crawl Stone Soup version 0.18.1-47-g9310371 (webtiles) character file.

25948 Firecrotchwizard the Fencer (level 12, -4/113 HPs)
             Began as a Minotaur Berserker on June 19, 2016.
             Was a High Priest of Trog.
             Slain by a vault guard
             ... wielding a +0 halberd
              (6 damage)
             ... on level 13 of the Dungeon on June 21, 2016.
             The game lasted 01:02:24 (14045 turns).

Firecrotchwizard the Fencer (Minotaur Berserker)   Turns: 14045, Time: 01:02:25

Health: -4/113     AC: 18    Str: 21    XL:     12   Next: 94%
Magic:  11/11      EV:  8    Int:  4    God:    Trog [*****.]
Gold:   693        SH:  0    Dex: 14    Spells: 0 memorised, 11 levels left

rFire  + + .     SeeInvis +     m - +7 great sword (elec)
rCold  . . .     Gourm    +     o - +0 plate armour
rNeg   . . .     Faith    .     (shield currently unavailable)
rPois  +         Spirit   .     (helmet restricted)
rElec  .         Dismiss  .     t - +0 cloak
rCorr  .         Reflect  .     (no gloves)
SustAt .         Harm     .     J - +0 pair of boots
MR     ++...                    Q - amulet of the gourmand
Stlth  ..........               G - ring of see invisible
                                L - ring of protection from fire

@: exhausted, regenerating, slowed, very slow, very resistant to hostile
enchantments, extremely unstealthy
A: retaliatory headbutt, horns 2, fire resistance 1, poison resistance, weak 1
a: Berserk, Trog's Hand, Brothers in Arms, Burn Spellbooks, Renounce Religion


You were on level 13 of the Dungeon.
You worshipped Trog.
Trog was extremely pleased with you.
You were not hungry.

You visited 1 branch of the dungeon, and saw 13 of its levels.

You collected 918 gold pieces.
You spent 225 gold pieces at shops.

Inventory:

Hand Weapons
 m - a +7 great sword of electrocution (weapon)
 s - a +4 quarterstaff of chaos
 u - a +0 flail
 S - a +0 dire flail
 V - the +1 falchion "Spiderbane" {elec, -Tele Str+8 Int+3}
   (You found it on level 9 of the Dungeon)

   Occasionally, upon striking a foe, it will discharge some electrical energy
   and cause terrible harm.
   It affects your strength (+8).
   It affects your intelligence (+3).
   It prevents most forms of teleportation.
Missiles
 T - 6 javelins of penetration (quivered)
Armour
 e - a +3 ring mail
 o - a +0 plate armour (worn)
 t - a +0 cloak (worn)
 J - a +0 pair of boots (worn)
Jewellery
 C - a +4 ring of intelligence
 E - an uncursed ring of poison resistance
 G - a ring of see invisible (right hand)
 L - a ring of protection from fire (left hand)
 Q - an amulet of the gourmand (around neck)
Wands
 a - a wand of slowing (14/48)
 i - a wand of random effects (17/48)
 r - a wand of flame (21/48)
 B - a wand of acid (4/15)
 H - a wand of lightning (9/15)
 P - a wand of confusion (23/48)
 R - a wand of paralysis (8/24)
 U - a wand of iceblast (8/15)
 W - a wand of digging (7/24)
 Y - a wand of flame (35/48)
Scrolls
 b - 2 scrolls of magic mapping
 h - 6 scrolls of teleportation
 j - a scroll of enchant armour {unknown}
 q - 2 scrolls of enchant weapon {unknown}
 w - 7 scrolls of remove curse
 y - a scroll of fog {unknown}
 A - 10 scrolls of identify
 I - 2 scrolls of immolation
 O - a scroll of silence {unknown}
Potions
 d - 3 potions of flight
 f - 5 potions of curing
 g - 2 potions of cancellation {unknown}
 k - 3 potions of lignification {unknown}
 n - 2 potions of agility {unknown}
 x - 3 potions of haste
 D - 2 potions of magic {unknown}
 F - a potion of brilliance {unknown}
 K - a potion of mutation {unknown}
 X - a potion of degeneration {unknown}
 Z - a potion of resistance {unknown}
Comestibles
 c - 6 bread rations
 p - 3 fruits
 v - 2 meat rations
 z - 4 slices of pizza
 M - a beef jerky
 N - a royal jelly


   Skills:
 + Level 12.5 Fighting
 + Level 15.5 Long Blades
 - Level 12.8 Maces & Flails
 - Level 0.6 Throwing
 + Level 11.0 Armour
 - Level 2.3 Dodging


You had 11 spell levels left.
You didn't know any spells.

Dungeon Overview and Level Annotations

Branches:
Dungeon (13/15)            Temple (0/1) D:6            Lair (0/8) D:10
    Orc (0/2) D:11         Vaults (0/5) D:13

Altars:
Gozag
Makhleb
Nemelex Xobeh
Pakellas
Ru
Sif Muna
Trog
Vehumet
Yredelemnul
The Shining One

Shops:
D:5 =   D:6 %   D:10 :

Annotations:
D:4 exclusion: statue


Innate Abilities, Weirdness & Mutations

You reflexively headbutt those who attack you in melee.
You have a pair of horns on your head.
Your flesh is heat resistant.
Your system is resistant to poisons.
You are weak. (Str -2)


Message History

The white ugly thing is lightly wounded.
The white ugly thing tentacle-slaps you but does no damage.
The vault guard hits you from afar with a glaive!
* * * LOW HITPOINT WARNING * * *
The vault guard barely misses you.
You slice the white ugly thing!! You headbutt the white ugly thing.
The white ugly thing is heavily wounded.
The white ugly thing completely misses you.
You furiously retaliate!
You headbutt the white ugly thing, but do no damage.
The vault guard hits you from afar with a glaive!
* * * LOW HITPOINT WARNING * * *
The vault guard hits you from afar with a halberd!
* * * LOW HITPOINT WARNING * * *
The white ugly thing tentacle-slaps you but does no damage.
You slash the white ugly thing! You headbutt the white ugly thing!
The white ugly thing is almost dead.
The white ugly thing tentacle-slaps you but does no damage.
The vault guard hits you from afar with a halberd.
You die...

####+####.>..# #.... #....#
###.... ##'### #####......
########'##### #..........
#............#######..........
#.........................###.
#.......##.......##.......# #.
####......####.....####......#
#. ......÷.## ##.@.## ##..####
#. ###'####)## ##u## ##.## #.
....)..)..#


#.Hppp# ##..# #. .....).....##.#.aS#.##...# #. ............# ..... #....#######.
............+...∩...+=........... ............#.......#.....#######
#####+##...##.#...#.##....# #..####.$...####...# You could see 2 vault guards, a
white ugly thing, a manticore, a guardian serpent and a worker ant.

Vanquished Creatures
  A vault guard (D:13)
  A centaur warrior (D:13)
  The ghost of Zellion the Infuser, a journeyman HESk of Okawaru (D:11)
  An unseen horror (D:12)
  5 hill giants
  3 ugly things
  A deep elf mage (D:12)
  4 manticores
  5 cyclopes
  4 slime creatures (D:12)
  The ghost of peaced01 the Skirmisher, a novice MiFi (D:4)
  Joseph (D:9)
  A centaur zombie (D:13)
  Psyche (D:12)
  A spiny frog (shapeshifter) (D:13)
  3 gargoyles
  2 two-headed ogres
  4 trolls
  3 shadows (D:13)
  3 wyverns
  2 wraiths
  18 yaks
  2 hungry ghosts
  A hippogriff (D:13)
  Grum (D:11)
  2 mottled dragons
  A water moccasin (D:8)
  5 orc warriors
  3 black bears
  3 eyes of draining
  4 sky beasts
  A wasp (D:10)
  A necrophage (D:6)
  2 ice beasts
  6 phantoms
  6 ogres
  4 wolves (D:11)
  4 centaurs
  2 crocodiles
  4 big kobolds
  The ghost of Larett the Covert, an amateur SpAs of Gozag (D:3)
  A gnoll sergeant (D:8)
  7 giant frogs
  A wyvern skeleton (D:9)
  4 scorpions
  7 killer bees
  3 jellies
  4 crimson imps
  A giant frog zombie (D:10)
  A quasit (D:10)
  A centaur skeleton (D:6)
  8 hounds
  10 orc wizards
  4 iguanas
  7 orc priests
  4 giant frog skeletons
  Crazy Yiuf (D:2)
  Jessica (D:2)
  5 worker ants
  2 hound skeletons
  A hound zombie (D:5)
  A howler monkey zombie (D:5)
  A worker ant zombie (D:11)
  9 gnolls
  13 adders
  4 shadow imps
  A white imp (D:6)
  An ooze (D:6)
  2 adder skeletons
  2 worms (D:6)
  2 dart slugs
  7 giant geckos
  35 orcs
  A ball python (D:1)
  6 bats
  6 giant cockroaches
  7 goblins
  3 hobgoblins
  4 jackals (D:9)
  3 quokkas
  A giant gecko skeleton (D:3)
  A giant gecko zombie (D:5)
  4 giant newts
  26 kobolds
  A quokka zombie (D:7)
  5 rats
  A fungus (D:1)
339 creatures vanquished.

Vanquished Creatures (collateral kills)
  A troll (D:13)
  A giant frog (D:13)
  A hound (D:13)
3 creatures vanquished.

Vanquished Creatures (others)
  2 minotaurs (D:1)
  A draconian (D:1)
  A gargoyle (D:1)
  A troll (D:1)
  2 nagas (D:1)
  A dwarf (D:1)
  An ogre (D:1)
  2 centaurs (D:1)
  An orc (D:1)
  11 tentacles (D:1)
  22 tentacle segments (D:1)
45 creatures vanquished.

Grand Total: 387 creatures vanquished

Notes
Turn   | Place    | Note
--------------------------------------------------------------
     0 | D:1      | Firecrotchwizard the Minotaur Berserker began the quest for the Orb.
     0 | D:1      | Reached XP level 1. HP: 19/19 MP: 0/0
     0 | D:1      | Noticed a troll
     0 | D:1      | Noticed a draconian
     0 | D:1      | Noticed a minotaur
     0 | D:1      | Noticed a centaur
     0 | D:1      | Noticed an ogre
     0 | D:1      | Noticed a kraken
     0 | D:1      | Noticed a gargoyle
     0 | D:1      | Noticed a naga
     0 | D:1      | Noticed a minotaur
     0 | D:1      | Noticed a naga
     0 | D:1      | Noticed a centaur
     0 | D:1      | Noticed a dwarf
     5 | D:1      | Killed a centaur
     6 | D:1      | Killed a naga
     6 | D:1      | Killed a minotaur
     7 | D:1      | Killed a dwarf
     8 | D:1      | Killed a gargoyle
    10 | D:1      | Killed a naga
    15 | D:1      | Killed a troll
    17 | D:1      | Killed a draconian
    20 | D:1      | Killed an ogre
    20 | D:1      | Killed a centaur
    26 | D:1      | Killed a minotaur
   265 | D:1      | Reached XP level 2. HP: 27/27 MP: 1/1
  1002 | D:2      | Reached XP level 3. HP: 33/33 MP: 2/2
  1169 | D:2      | Reached ** piety under Trog
  1221 | D:2      | Reached skill level 5 in Maces & Flails
  1259 | D:2      | Noticed Jessica
  1273 | D:2      | Killed Jessica
  1273 | D:2      | Reached XP level 4. HP: 39/40 MP: 3/3
  1275 | D:2      | Found a basalt altar of Yredelemnul.
  1311 | D:2      | Noticed Crazy Yiuf
  1318 | D:2      | Paralysed by Crazy Yiuf for 3 turns
  1321 | D:2      | Killed Crazy Yiuf
  1447 | D:2      | Found an opulent altar of Gozag.
  1631 | D:3      | Noticed Larett's ghost (amateur SpAs)
  1636 | D:3      | Killed Larett's ghost
  1636 | D:3      | Reached XP level 5. HP: 47/47 MP: 4/4
  1795 | D:3      | Found an oddly glowing altar of Pakellas.
  1902 | D:3      | Found a glowing golden altar of the Shining One.
  2008 | D:3      | Reached skill level 5 in Fighting
  2058 | D:4      | Found a radiant altar of Vehumet.
  2064 | D:4      | Noticed peaced01's ghost (novice MiFi)
  2183 | D:4      | Found a sacrificial altar of Ru.
  2188 | D:4      | Reached XP level 6. HP: 56/56 MP: 5/5
  2500 | D:4      | Reached *** piety under Trog
  2636 | D:4      | Reached XP level 7. HP: 51/62 MP: 6/6
  2659 | D:4      | Killed peaced01's ghost
  3096 | D:5      | Entered Level 5 of the Dungeon
  3369 | D:5      | Reached XP level 8. HP: 71/71 MP: 7/7
  3403 | D:5      | Found a sparkling altar of Nemelex Xobeh.
  3478 | D:5      | Found Reoluver's Jewellery Shop.
  3482 | D:5      | Bought an uncursed ring of see invisible for 225 gold pieces
  3788 | D:6      | Reached skill level 5 in Armour
  4020 | D:6      | Found Hain's Food Shop.
  4315 | D:6      | Reached skill level 10 in Maces & Flails
  4404 | D:6      | Found a staircase to the Ecumenical Temple.
  5395 | D:8      | Found a bloodstained altar of Trog.
  5407 | D:8      | Reached XP level 9. HP: 71/81 MP: 8/8
  6089 | D:9      | Received a gift from Trog
  6690 | D:9      | Reached XP level 10. HP: 88/92 MP: 9/9
  6709 | D:9      | Reached **** piety under Trog
  6805 | D:9      | Noticed a manticore
  6816 | D:9      | Killed a manticore
  6816 | D:9      | Reached skill level 10 in Fighting
  7239 | D:9      | Noticed Joseph
  7257 | D:9      | Killed Joseph
  7288 | D:9      | Got a transparent falchion
  7289 | D:9      | Identified the cursed +1 falchion "Spiderbane" {elec, -Tele Str+8 Int+3} (You found it on level 9 of the Dungeon)
  7623 | D:10     | Entered Level 10 of the Dungeon
  7627 | D:10     | Reached skill level 1 in Long Blades
  7638 | D:10     | Reached skill level 2 in Long Blades
  7649 | D:10     | Reached skill level 3 in Long Blades
  7679 | D:10     | Found Kaukeutz's Book Boutique.
  7767 | D:10     | Reached skill level 4 in Long Blades
  7769 | D:10     | Found a sparkling altar of Nemelex Xobeh.
  7796 | D:10     | Found a staircase to the Lair.
  7898 | D:10     | Reached skill level 5 in Long Blades
  7916 | D:10     | Reached skill level 6 in Long Blades
  8315 | D:10     | Noticed a gargoyle
  8326 | D:10     | Killed a gargoyle
  8326 | D:10     | Reached skill level 7 in Long Blades
  8567 | D:10     | Found a deep blue altar of Sif Muna.
  8624 | D:10     | Reached skill level 8 in Long Blades
  9035 | D:10     | Noticed a hill giant
  9047 | D:10     | Killed a hill giant
  9047 | D:10     | Reached skill level 9 in Long Blades
  9047 | D:10     | Reached XP level 11. HP: 34/101 MP: 10/10
  9435 | D:10     | Noticed a hill giant
  9444 | D:10     | Killed a hill giant
  9651 | D:11     | Reached skill level 10 in Long Blades
  9830 | D:11     | Found a burning altar of Makhleb.
  9899 | D:11     | Noticed a hill giant
  9901 | D:11     | Noticed Grum
  9901 | D:11     | Noticed a purple ugly thing
  9910 | D:11     | Killed a hill giant
  9910 | D:11     | Reached skill level 11 in Long Blades
  9917 | D:11     | Killed a purple ugly thing
  9922 | D:11     | Reached ***** piety under Trog
  9927 | D:11     | Killed Grum
  9975 | D:11     | Gained mutation: Your flesh is heat resistant. [mutagenic meat]
  9976 | D:11     | Gained mutation: Your system is resistant to poisons. [mutagenic meat]
  9977 | D:11     | Gained mutation: You are weak. (Str -2) [mutagenic meat]
 10048 | D:11     | Reached skill level 12 in Long Blades
 10418 | D:11     | Noticed a green ugly thing
 10422 | D:11     | Killed a green ugly thing
 10467 | D:11     | Found a staircase to the Orcish Mines.
 10529 | D:11     | Noticed Zellion's ghost (journeyman HESk)
 10550 | D:11     | Killed Zellion's ghost
 10683 | D:11     | Reached skill level 13 in Long Blades
 11145 | D:11     | Noticed a hill giant
 11149 | D:11     | Killed a hill giant
 11358 | D:12     | Received a gift from Trog
 11365 | D:12     | Reached XP level 12. HP: 108/108 MP: 11/11
 11397 | D:12     | Noticed Psyche
 11407 | D:12     | Killed Psyche
 11498 | D:12     | Reached skill level 14 in Long Blades
 12306 | D:12     | Reached skill level 10 in Armour
 13223 | D:13     | Noticed a centaur warrior
 13228 | D:13     | Killed a centaur warrior
 13228 | D:13     | Reached skill level 15 in Long Blades
 14022 | D:13     | Found a gate to the Vaults.
 14022 | D:13     | Noticed a vault guard
 14022 | D:13     | Noticed a vault guard
 14022 | D:13     | Noticed a vault guard
 14022 | D:13     | Noticed a vault guard
 14033 | D:13     | Killed a vault guard
 14044 | D:13     | HP: 1/113 [vault guard/halberd (9)]
 14045 | D:13     | Slain by a vault guard

Skill      XL: |  1  2  3  4  5  6  7  8  9 10 11 12 |
---------------+-------------------------------------+-----
Maces & Flails | 4 5 6 7 8 9 10 12 | 12.8
Fighting       | 4 5 6 8 9 10 12 | 12.5
Armour         | 3 4 7 8 9 11 | 11.0
Long Blades    | 9 13 15 | 15.5
Throwing       | |  0.6
Dodging        | |  2.3

Action                   |  1- 3 |  4- 6 |  7- 9 | 10-12 || total
-------------------------+-------+-------+-------+-------++-------
Melee: Mace              |    87 |    28 |       |       ||   115
       Headbutt          |    12 |    18 |    65 |   164 ||   259
       Flail             |       |    60 |   224 |       ||   284
       Dire flail        |       |       |    44 |    65 ||   109
       Falchion          |       |       |       |   329 ||   329
       Great sword       |       |       |       |   180 ||   180
Throw: Javelin           |       |       |       |    16 ||    16
Invok: Trog's Hand       |     1 |     1 |     1 |     5 ||     8
       Berserk           |       |       |     2 |     3 ||     5
       Brothers in Arms  |       |       |       |     1 ||     1
Evoke: Wand              |       |       |       |     1 ||     1
  Use: Scroll            |       |     2 |     7 |     3 ||    12
       Potion            |       |       |     2 |     6 ||     8
 Stab: Invisible         |       |     2 |       |       ||     2
  Eat: Chunk             |     1 |     5 |    18 |    38 ||    62
       Fruit             |       |       |     3 |       ||     3
       Pizza             |       |       |     1 |       ||     1
Armor: Animal skin       |     9 |       |       |       ||     9
       Ring mail         |    44 |    30 |   115 |   157 ||   346
       Plate armour      |       |       |       |    53 ||    53
Dodge: Dodged            |    56 |    43 |   133 |   277 ||   509
